 Dungeon Crawl Stone Soup version 0.29-a0-364-g921d912d32 (webtiles) character file.

Game seed: 12309467796354855556

28 Agony the Bolt Thrower (level 3, 0/30 HPs)
             Began as a Minotaur Hunter on Apr 30, 2022.
             Slain by a gnoll
             ... wielding a +0 flail
              (5 damage)
             ... on level 2 of the Dungeon.
             The game lasted 00:01:34 (600 turns).

Agony the Bolt Thrower (Minotaur Hunter)             Turns: 600, Time: 00:01:35

Health: 0/30       AC:  5    Str: 15    XL:     3   Next: 0%
Magic:  2/2        EV: 11    Int:  6    God:
Gold:   55         SH:  0    Dex: 15    Spells: 2/2 levels left

rFire   . . .      SeeInvis +   a - +1 hand crossbow
rCold   . . .      Faith    .   (no shield)
rNeg    . . .      Spirit   .   f - +0 ring mail
rPois   .          Reflect  .   (helmet restricted)
rElec   .          Harm     .   (no cloak)
rCorr   .          Rampage  .   (no gloves)
Will    .....                   (no boots)
Stlth   +.........              (no amulet)
HPRegen 0.10/turn               d - ring of see invisible
MPRegen 0.08/turn               (no ring)

@: no status effects
A: horns 2, retaliatory headbutt
a: no special abilities


You were on level 2 of the Dungeon.
You visited 1 branch of the dungeon, and saw 2 of its levels.

You collected 55 gold pieces.

Inventory:

Hand Weapons
 a - a +1 hand crossbow (weapon)
Armour
 b - a +0 leather armour
 f - a +0 ring mail (worn)
Jewellery
 d - a ring of see invisible (left hand)
Scrolls
 c - 2 scrolls of immolation
 e - a scroll of identify
 g - a scroll of teleportation
 h - a scroll of fear {unknown}


   Skills:
 + Level 2.9 Fighting
 + Level 4.6 Crossbows
 + Level 0.7 Armour
 + Level 2.6 Dodging
 + Level 1.3 Stealth


You had 2 spell levels left.
You didn't know any spells.
Your spell library contained the following spells:

 Spells                   Type           Power      Damage    Failure   Level
 Static Discharge         Conj/Air       0%         N/A       83%         2
 Flame Wave               Conj/Fire      0%         2d4       100%        4
 Storm Form               Tmut/Air       0%         N/A       100%        7


Dungeon Overview and Level Annotations

Branches:
Dungeon (2/15)

Altars:


Innate Abilities, Weirdness & Mutations

You have a pair of horns on your head.
You reflexively headbutt those who attack you in melee.


Message History

Found a whip. 3 gnolls come into view.
The gnoll shouts! x3
The gnoll moves out of view.
You shoot a bolt. The bolt closely misses the gnoll.
You shoot a bolt. The bolt hits the gnoll.
The gnoll is lightly wounded.
A gnoll comes into view. It is wielding a +0 spear.
You shoot a bolt. The bolt closely misses the gnoll. x2
You shoot a bolt. The bolt closely misses the gnoll.
The bolt hits the gnoll.
The gnoll is moderately wounded.
You shoot a bolt. The bolt closely misses the gnoll.
The bolt hits the gnoll.
The gnoll is moderately wounded.
The gnoll hits you with a +0 flail. The gnoll barely misses you.
You furiously retaliate!
You headbutt the gnoll. You shoot a bolt. The bolt barely misses the gnoll.
The bolt hits the gnoll.
The gnoll is heavily wounded.
The gnoll misses you.
You shoot a bolt. The bolt barely misses the gnoll.
The bolt hits the gnoll!
The gnoll is heavily wounded.
The gnoll hits you with a +0 flail.
You shoot a bolt. The bolt hits the gnoll.
The gnoll is heavily wounded.
The gnoll hits you from afar with a +0 spear.
The gnoll hits you with a +0 flail. The gnoll barely misses you.
The gnoll hits you from afar with a +0 spear.
You shoot a bolt. The bolt closely misses the gnoll.
The bolt barely misses the gnoll.
The bolt hits the gnoll.
The gnoll is heavily wounded.
The gnoll closely misses you. x2
You shoot a bolt. The bolt closely misses the gnoll.
The bolt hits the gnoll.
You kill the gnoll!
The gnoll hits you but does no damage. The gnoll hits you with a +0 flail!
* * * LOW HITPOINT WARNING * * *
You have reached level 3!
Your experience leads to an increase in your attributes!
Increase (S)trength, (I)ntelligence, or (D)exterity?
You feel agile. x2
The gnoll attacks as you move away! The gnoll hits you with a +0 flail.
You die...

#.
#.####
.#
#....#
.
####.#
#.#
#.#
#.#
#.#
#.#
#@#
#g#
#g#
#g#
..#
...
...
....


You could see 3 gnolls.

Vanquished Creatures
  A gnoll (D:2)
  A dart slug (D:1)
  An endoplasm (D:1)
  A giant cockroach (D:1)
  2 goblins (D:1)
  A hobgoblin (D:1)
  3 kobolds (D:1)
  2 ball pythons (D:1)
  A bat (D:1)
  2 frilled lizards (D:1)
  5 rats (D:1)
20 creatures vanquished.

Notes
Turn   | Place    | Note
-------+----------+-------------------------------------------
     0 | D:1      | Agony the Minotaur Hunter began the quest for the Orb.
     0 | D:1      | Reached XP level 1. HP: 18/18 MP: 0/0
   141 | D:1      | Got Geurul's Tome of Transmigration and Attacks
   147 | D:1      | Reached skill level 1 in Stealth
   190 | D:1      | Reached XP level 2. HP: 25/25 MP: 1/1
   600 | D:2      | Reached XP level 3. HP: 5/30 MP: 2/2
   600 | D:2      | Slain by a gnoll

Illustrated notes

Levels and vault maps discovered:
D:1:      dpeg_arrival_chambers_temple_mockup, layout_rooms,
          minmay_misc_feat_columns, minmay_tromino_i4
D:2:      layout_loops_cross, uniq_sigmund

Skill      XL: |  1 |
---------------+----+-----
Stealth        | 1 |  1.3
Fighting       | |  2.9
Crossbows      | |  4.6
Armour         | |  0.7
Dodging        | |  2.6

Action                   || total
-------------------------++-------
 Fire: Hand crossbow     ||    42
  Use: Scroll            ||     1
Armor: Ring mail         ||     2
Dodge: Dodged            ||     6

Table legend: (Time is in decaauts)
 A = Elapsed time spent in this place.
 B = Non-inter-level travel time spent in this place.
 C = Inter-level travel time spent in this place.
 D = Time resting spent in this place.
 E = Time spent auto-exploring this place.
 F = Levels seen in this place.
 G = Mean time per level.
                   A        B        C        D        E       F      G
               +--------+--------+--------+--------+--------+-----+--------+
         Total |    614 |    614 |      0 |      0 |    494 |   2 |  307.0 |
       Dungeon |    614 |    614 |      0 |      0 |    494 |   2 |  307.0 |
               +--------+--------+--------+--------+--------+-----+--------+

Top non-repeatable levels by time:
     D:1: 563 daAuts
     D:2: 50 daAuts
